 Dungeon Crawl Stone Soup version 0.24-a0-581-gc0fa6600bf (webtiles) character file.

Game seed: 14764162125242785897

259 Peloso the Covered (level 5, -1/47 HPs)
             Began as a Minotaur Fighter on Aug 24, 2019.
             Slain by Purgy (5 damage)
             ... on level 3 of the Dungeon.
             The game lasted 00:03:55 (1991 turns).

Peloso the Covered (Minotaur Fighter)               Turns: 1991, Time: 00:03:55

Health: -1/47      AC:  7    Str: 25    XL:     5   Next: 94%
Magic:  4/4        EV:  9    Int: 10    God:
Gold:   123        SH: 10    Dex: 11    Spells: 4/4 levels left

rFire    . . .     SeeInvis .   a - +0 long sword
rCold    . . .     Gourm    .   c - +0 shield
rNeg     . . .     Faith    .   b - +0 scale mail
rPois    .         Spirit   .   (helmet restricted)
rElec    .         Reflect  .   (no cloak)
rCorr    .         Harm     .   (no gloves)
MR       .....                  (no boots)
Stlth    ..........             (no amulet)
HPRegen  0.15/turn              h - ring of attention (curse)
MPRegen  0.09/turn              (no ring)

@: mighty, brilliant
A: retaliatory headbutt, horns 2
a: no special abilities


You were on level 3 of the Dungeon.
You were not hungry.

You visited 1 branch of the dungeon, and saw 3 of its levels.

You collected 123 gold pieces.

Inventory:

Hand Weapons
 a - a +0 long sword (weapon)
Armour
 b - a +0 scale mail (worn)
 c - a +0 shield (worn)
Jewellery
 h - a cursed ring of attention (left hand)
Wands
 s - a wand of flame (7)
Scrolls
 e - 2 scrolls of random uselessness {unknown}
 g - 5 scrolls of remove curse {unknown}
 i - a scroll of amnesia {unknown}
 j - 3 scrolls of teleportation {unknown}
 m - 2 scrolls of enchant weapon {unknown}
 o - a scroll of magic mapping {unknown}
 r - a scroll of blinking {unknown}
 w - a scroll of identify {unknown}
Potions
 k - 2 potions of magic {unknown}
 l - a potion of brilliance
 n - a potion of agility {unknown}
 p - a potion of resistance {unknown}
 q - 2 potions of invisibility {unknown}
 t - a potion of cancellation {unknown}
 v - a potion of mutation {unknown}
Comestibles
 f - 9 rations
 u - 2 chunks of flesh


   Skills:
 + Level 4.5 Fighting
 + Level 4.0 Long Blades
 + Level 5.6 Armour
 + Level 2.2 Dodging
 + Level 4.4 Shields


You had 4 spell levels left.
You didn't know any spells.
Your spell library was empty.

Dungeon Overview and Level Annotations

Branches:
Dungeon (3/15)

Altars:
Hepliaklqana

Annotations:
D:3 Purgy


Innate Abilities, Weirdness & Mutations

You reflexively headbutt those who attack you in melee.
You have a pair of horns on your head.


Message History

Purgy closely misses you. You block Purgy's attack. Purgy misses you.
Purgy closely misses you. You block Purgy's attack.
It was a potion of brilliance.
You feel clever all of a sudden. Purgy bites you but does no damage.
You block Purgy's attack. Purgy claws you but does no damage.
You feel very mighty all of a sudden.
Purgy hisses menacingly.
Purgy bites you.
* * * LOW HITPOINT WARNING * * *
You block Purgy's attack. Purgy claws you but does no damage.
Unknown command.
You slice Purgy!!
Purgy is almost dead.
You block Purgy's attack. Purgy claws you but does no damage. Purgy claws you.
* * * LOW HITPOINT WARNING * * *
You closely miss Purgy. Your headbutt misses Purgy.
Purgy is almost dead.
Purgy bites you.
You die...

... #....
#....#######
##..........
...........#####
....≈.....bT@..#
....≈......###.#
..≈≈§≈.....###.#
≈≈≈≈§≈...§.....#
≈≈≈≈§≈≈....#####
≈≈≈≈§≈§§§......
≈≈≈≈§≈§§§.T..##
≈≈≈≈§§§§...#.#
.≈≈≈≈≈§......#


You could see Purgy and a bat.

Vanquished Creatures
  Jessica (D:2)
  Natasha (thrice) (D:3)
  An orc wizard (D:2)
  Terence (D:3)
  Robin (D:2)
  3 adders
  A dart slug (D:2)
  A leopard gecko (D:2)
  10 orcs
  2 giant cockroaches (D:2)
  10 goblins
  7 hobgoblins
  3 jackals (D:3)
  3 kobolds
  3 quokkas
  5 bats
  9 frilled lizards
  3 rats
67 creatures vanquished.

Notes
Turn   | Place    | Note
-------+----------+-------------------------------------------
     0 | D:1      | Peloso the Minotaur Fighter began the quest for the Orb.
     0 | D:1      | Reached XP level 1. HP: 19/19 MP: 0/0
   176 | D:1      | Reached XP level 2. HP: 27/27 MP: 1/1
   396 | D:1      | Reached skill level 4 in Armour
   604 | D:2      | Found a hazy altar of Hepliaklqana.
   660 | D:2      | Noticed Robin
   682 | D:2      | Killed Robin
   682 | D:2      | Reached XP level 3. HP: 18/33 MP: 2/2
   773 | D:2      | Noticed Jessica
   789 | D:2      | Killed Jessica
   789 | D:2      | Reached XP level 4. HP: 37/41 MP: 3/3
   826 | D:2      | Reached skill level 1 in Dodging
  1411 | D:3      | Noticed Natasha
  1432 | D:3      | Killed Natasha
  1432 | D:3      | Reached XP level 5. HP: 20/47 MP: 4/4
  1759 | D:3      | Noticed Terence
  1777 | D:3      | Killed Terence
  1777 | D:3      | Reached skill level 5 in Armour
  1912 | D:3      | Noticed Natasha
  1923 | D:3      | Killed Natasha
  1970 | D:3      | Noticed Purgy
  1970 | D:3      | Noticed Natasha
  1979 | D:3      | Killed Natasha
  1991 | D:3      | Slain by Purgy

Levels and vault maps discovered:
D:1:      scummos_arrival_checkerplants, layout_rooms, minmay_lizard_pond
D:2:      minmay_door_path, layout_loops_ring, lemuel_coloured_pillars_altar,
          uniq_jessica, uniq_robin
D:3:      layout_basic, marbit_many_paths, first_ration,
          kennysheep_big_empty_room, lemuel_old_faithful, uniq_purgy,
          uniq_terence, uniq_natasha

Skill      XL: |  1  2  3  4  5 |
---------------+----------------+-----
Fighting       | 4 |  4.5
Armour         | 4 5 |  5.6
Shields        | 4 |  4.4
Long Blades    | 3 4 |  4.0
Dodging        | 2 |  2.2

Action                   |  1- 3 |  4- 6 || total
-------------------------+-------+-------++-------
Melee: Long sword        |    66 |   102 ||   168
       Headbutt          |    14 |    19 ||    33
  Use: Potion            |       |     2 ||     2
  Eat: Chunk             |       |     4 ||     4
Armor: Scale mail        |    37 |    56 ||    93
Dodge: Dodged            |    27 |    54 ||    81
Block: Shield            |    32 |    61 ||    93
       Rpst.: Long sword |    11 |    12 ||    23

Table legend:
 A = Non-vault XP
 B = Vault XP
 C = Vault XP percentage of total XP
 D = Non-vault monster count
 E = Vault monster count
 F = Vault count percentage of total count
                 A         B        C        D         E       F
            +---------+---------+-------+---------+---------+-------
      Total |     224 |     146 |  39.5 |      45 |      22 |  32.8
            +---------+---------+-------+---------+---------+-------
        D:1 |      15 |       7 |  31.8 |       9 |       7 |  43.8
        D:2 |      91 |      72 |  44.2 |      18 |      13 |  41.9
        D:3 |     118 |      67 |  36.2 |      18 |       2 |  10.0
            +---------+---------+-------+---------+---------+-------
